 Dungeon Crawl Stone Soup version 0.29.1-12-g30fa7ad0bf (webtiles) character file.

Game seed: 11678955712601095732

276 safid the Shooter (level 6, -5/57 HPs)
             Began as a Minotaur Hunter on Dec 19, 2022.
             Was an Initiate of Okawaru.
             Slain by a gnoll
             ... wielding a +0 flail
             ... led by a gnoll sergeant
              (6 damage)
             ... on level 5 of the Dungeon.
             The game lasted 00:06:28 (3946 turns).

safid the Shooter (Minotaur Hunter)                 Turns: 3946, Time: 00:06:29

Health: -5/57      AC:  9    Str: 16    XL:     6   Next: 4%
Magic:  5/5        EV:  6    Int:  8    God:    Okawaru [......]
Gold:   174        SH:  0    Dex: 15    Spells: 5/5 levels left

rFire   . . .      SeeInvis .   a - +0 shortbow
rCold   . . .      Faith    .   (shield currently unavailable)
rNeg    + . .      Spirit   .   c - +0 leather armour
rPois   .          Reflect  .   (helmet restricted)
rElec   .          Harm     .   p - +4 cloak "Giqax" {*Slow rN+ Int+2}
rCorr   .          Rampage  .   q - +0 pair of gloves
Will    .....                   (no boots)
Stlth   +.........              (no amulet)
HPRegen 0.19/turn               (no ring)
MPRegen 0.09/turn               (no ring)

@: lethally poisoned (-5 -> -23), held
A: horns 2, retaliatory headbutt
a: Renounce Religion


You were on level 5 of the Dungeon.
You worshipped Okawaru.
Okawaru was noncommittal.
You visited 2 branches of the dungeon, and saw 8 of its levels.

You collected 213 gold pieces.
You spent 39 gold pieces at shops.

Inventory:

Hand Weapons
 a - a +0 shortbow (weapon)
Armour
 c - a +0 leather armour (worn)
 p - the +4 cloak "Giqax" (worn) {*Slow rN+ Int+2}
   (You found it on level 3 of the Dungeon)

   Int:       It affects your intelligence (+2).
   rN:        It protects you from negative energy.
   *Slow:     It may slow you when you take damage.
 q - a +0 pair of gloves (worn)
Scrolls
 b - a scroll of immolation
 e - a scroll of teleportation
 g - 3 scrolls of identify {unknown}
 l - 2 scrolls of noise {unknown}
 o - a scroll of amnesia {unknown}
Potions
 f - 2 potions of degeneration {unknown}
 h - a potion of magic {unknown}
 i - 2 potions of might {unknown}
 j - a potion of haste {unknown}
 k - a potion of berserk rage {unknown}
 m - a potion of resistance {unknown}
 n - a potion of heal wounds {unknown}
 r - a potion of flight {unknown}
 s - a potion of mutation {unknown}
 t - a potion of brilliance {unknown}


   Skills:
 + Level 5.6 Fighting
 + Level 6.5 Ranged Weapons
 - Level 2.1 Dodging
 - Level 0.7 Stealth


You had 5 spell levels left.
You didn't know any spells.
Your spell library contained the following spells:

 Spells                   Type           Power      Damage    Failure   Level
 Frozen Ramparts          Ice            0%         1d1       85%         3
 Corpse Rot               Necr/Pois/Air  0%         N/A       99%         4
 Dispel Undead            Necr           0%         3d6       99%         4
 Ice Form                 Ice/Tmut       0%         N/A       99%         4
 Summon Ice Beast         Ice/Summ       Unusable   N/A       N/A         4
 Death Channel            Necr           Unusable   N/A       N/A         6

Dungeon Overview and Level Annotations

Branches:
Dungeon (7/15)             Temple (1/1) D:7

Altars:
Cheibriados
Fedhas
Makhleb
Nemelex Xobeh
Okawaru
Trog
Uskayaw
Vehumet
Xom

Shops:
D:2 ?   D:4 =   D:5 =


Innate Abilities, Weirdness & Mutations

You have a pair of horns on your head.
You reflexively headbutt those who attack you in melee.


Message History

You are poisoned.
You shoot an arrow.
The arrow barely misses the gnoll sergeant.
You feel very sick. The gnoll sergeant closely misses you.
You shoot an arrow.
The arrow closely misses the gnoll sergeant.
You feel sick.
You hear a shout!
The gnoll sergeant hits you from afar with a +4 trident of venom!
You are more poisoned.
The gnoll sergeant hits you from afar with a +4 trident of venom.
* * * LOW HITPOINT WARNING * * *
You are more poisoned.
You feel better. The gnoll sergeant closely misses you.
Fire: a) +0 shortbow
Press: ? - help, Q - select action Shift-Dir - straight line, f/p - gnoll sergeant
Aim: a gnoll sergeant, wielding a +4 trident of venom, wearing a +0 ring mail and wearing a +0 kite shield (moderately wounded, 74% to hit)
You shoot an arrow.
The arrow hits the gnoll sergeant but does no damage.
The gnoll sergeant is moderately wounded.
You hear a shout!
The gnoll throws a throwing net.
The throwing net hits you.
You become entangled in the net!
The gnoll sergeant barely misses you.
Unknown command.
You tear a large gash into the net.
The gnoll sergeant hits you from afar with a +4 trident of venom!
* * * LOW HITPOINT WARNING * * *
You are lethally poisoned!
You struggle against the net.
* * * LOW HITPOINT WARNING * * *
You feel very sick. The gnoll barely misses you.
The gnoll sergeant hits you but does no damage.
You are more poisoned.
You struggle against the net.
* * * LOW HITPOINT WARNING * * *
You feel very sick. The gnoll hits you with a +0 flail.
You die...

#########......
............... #####...#####
### ###...###.... ...##
#...##....###
#...##.####.####
#.........#####
##########).....#.....# #.
.......@gg..#########.#
o...##########.......#####.##
.......<#####..#####........#
....#......##.#### ######.#..
# #####........# #..#..
##.......#######.###.
#>#.................
#.....########.##.....
....#..## ###..#..)##.


You could see a gnoll sergeant and a gnoll.

Vanquished Creatures
  2 hounds (D:5)
  An iguana (D:6)
  A gnoll (D:5)
  8 adders
  An ufetubus (D:5)
  A worm (D:2)
  5 dart slugs
  6 orcs
  9 ball pythons
  2 bats
  4 endoplasms
  4 giant cockroaches
  4 goblins
  6 hobgoblins
  2 jackals (D:3)
  10 kobolds
  4 quokkas
  11 frilled lizards
  2 rats (D:1)
  A spectral hobgoblin (D:1)
84 creatures vanquished.

Vanquished Creatures (others)
  An iguana (D:4)
  A hobgoblin (D:4)
2 creatures vanquished.

Grand Total: 86 creatures vanquished

Notes
Turn   | Place    | Note
-------+----------+-------------------------------------------
     0 | D:1      | safid the Minotaur Hunter began the quest for the Orb.
     0 | D:1      | Reached XP level 1. HP: 18/18 MP: 0/0
    57 | D:1      | Reached XP level 2. HP: 25/25 MP: 1/1
   754 | D:1      | Reached skill level 5 in Ranged Weapons
   754 | D:1      | Reached XP level 3. HP: 30/31 MP: 2/2
   855 | D:1      | Found a faded altar of an unknown god.
  1586 | D:2      | Found Luego's Magic Scroll Shoppe.
  1594 | D:2      | Bought a scroll of teleportation for 39 gold pieces
  1685 | D:3      | Reached XP level 4. HP: 35/40 MP: 3/3
  1932 | D:3      | HP: 2/41 [poisoned by an adder]
  2695 | D:3      | Identified the +4 cloak "Giqax" {*Slow rN+ Int+2}
  2989 | D:4      | Identified the +4 mace "Demonslayer" {vorpal, rC++ Int-2
                  | Dex+8}
  3035 | D:4      | You fall into a shaft and drop 3 floors!
  3048 | D:7      | Found a staircase to the Ecumenical Temple.
  3057 | Temple   | Entered the Ecumenical Temple
  3064 | Temple   | Became a worshipper of Warmaster Okawaru
  3099 | D:6      | Reached XP level 5. HP: 47/47 MP: 4/4
  3106 | D:5      | Entered Level 5 of the Dungeon
  3113 | D:4      | Found Sedekiok's Jewellery Boutique.
  3122 | D:4      | Reached skill level 5 in Fighting
  3122 | D:4      | Reached skill level 6 in Ranged Weapons
  3749 | D:5      | Found Ratesidi's Jewellery Boutique.
  3818 | D:5      | Reached XP level 6. HP: 56/56 MP: 5/5
  3946 | D:5      | HP: 1/57 [poisoned by a gnoll sergeant]
  3946 | D:5      | Slain by a gnoll

Illustrated notes

Levels and vault maps discovered:
D:1:      minmay_arrival_shoal_huts, layout_loops_ring,
          dreamdust_ecumenical_altar_drowned_temple
D:2:      layout_basic, serial_shops, nicolae_shop_advertising_works
          [nicolae_subvault_shop_adworks]
D:3:      layout_basic
D:4:      layout_loops_ring, serial_shops, shop, lemuel_flame_loot_1
D:5:      layout_rooms, nicolae_yredelemnul_ghost_church, serial_shops, shop,
          minivault_25, minmay_misc_feat_pillars, lightli_minifort
D:6:      layout_layer_cave, nicolae_dithmenos_through_a_glass_darkly,
          gammafunk_temple_overflow_claw
D:7:      layout_cave_pools, minmay_temple_entry_slanted,
          chequers_serial_rivers_marsh, minmay_misc_feat_diagonals
Temple:   cyrus_circular_temple

Skill      XL: |  1  2  3  4  5 |
---------------+----------------+-----
Fighting       | 3 4 5 |  5.6
Ranged Weapons | 5 6 |  6.5
Dodging        | |  2.1
Stealth        | |  0.7

Action                   |  1- 3 |  4- 6 || total
-------------------------+-------+-------++-------
 Fire: Shortbow          |   132 |   141 ||   273
  Use: Potion            |       |     6 ||     6
       Scroll            |       |     1 ||     1
Armor: Leather armour    |    19 |    28 ||    47
Dodge: Dodged            |    35 |    59 ||    94
